 Dungeon Crawl Stone Soup version 0.30-a0-722-g3e6e8c874d (webtiles) character file.

Game seed: 15200149409474044105

428 mandoloar the Trooper (level 6, -3/58 HPs)
             Began as a Minotaur Fighter on Jan 27, 2023.
             Slain by Grinder (8 damage)
             ... while paralysed by Grinder
             ... on level 3 of the Dungeon.
             The game lasted 00:08:53 (3221 turns).

mandoloar the Trooper (Minotaur Fighter)            Turns: 3221, Time: 00:08:54

Health: -3/58      AC:  8    Str: 22    XL:     6   Next: 65%
Magic:  5/5        EV:  2    Int:  5    God:
Gold:   163        SH:  0    Dex: 10    Spells: 5/5 levels left

rFire   . . .      SeeInvis .    a - +0 war axe
rCold   . . .      Faith    .    c - +0 buckler
rNeg    . . .      Spirit   .    b - +0 scale mail
rPois   .          Reflect  .    e - +2 hat
rElec   .          Harm     .    (no cloak)
rCorr   .          Rampage  .    (no gloves)
Will    .....                    (no boots) Stlth
                                 (no amulet)
HPRegen 0.29/turn                (no ring)
MPRegen 0.09/turn                (no ring)

@: paralysed
A: horns 2, retaliatory headbutt
a: no special abilities


You were on level 3 of the Dungeon.
You visited 1 branch of the dungeon, and saw 4 of its levels.

You collected 163 gold pieces.

Inventory:

Hand Weapons
 a - a +0 war axe (weapon)
Missiles
 f - 19 stones (quivered)
Armour
 b - a +0 scale mail (worn)
 c - a +0 buckler (worn)
 e - a +2 hat (worn)
Scrolls
 g - a scroll of poison {unknown}
 h - a scroll of teleportation
Potions
 d - a potion of might
 i - 2 potions of ambrosia {unknown}
 j - a potion of brilliance
 k - 4 potions of flight
 l - a potion of invisibility {unknown}
 m - a potion of berserk rage {unknown}
 n - a potion of curing {unknown}
 o - 2 potions of lignification {unknown}
 q - a potion of degeneration {unknown}


   Skills:
 + Level 6.9 Fighting
 + Level 6.3 Axes
 - Level 3.6 Armour
 - Level 3.6 Shields


You had 5 spell levels left.
You didn't know any spells.
Your spell library contained the following spells:

 Spells                   Type           Power      Damage    Failure   Level
 Magic Dart               Conj           0%         1d3       88%         1
 Searing Ray              Conj           0%         2d4       95%         2
 Fulminant Prism          Conj/Hex       0%         3d5       100%        4


Dungeon Overview and Level Annotations

Branches:
Dungeon (4/15)
 Temple: D:4-7

Altars:
Makhleb

Annotations:
D:3 Grinder


Innate Abilities, Weirdness & Mutations

You have a pair of horns on your head.
You reflexively headbutt those who attack you in melee.


Message History

You suddenly lose the ability to move!
Grinder drinks a potion.
Grinder seems to grow stronger.
Grinder hits you!
You writhe in agony.
Grinder hits you but does no damage.
You can move again.
You closely miss Grinder. You headbutt Grinder, but do no damage.
Grinder hits you!
You writhe in agony.
You slash Grinder! You headbutt Grinder.
Grinder is heavily wounded.
Grinder hits you!
You closely miss Grinder. Your headbutt misses Grinder.
Grinder is heavily wounded.
Grinder misses you.
You closely miss Grinder.
Grinder is heavily wounded.
Grinder hits you!
You writhe in agony.
Grinder blinks!
You start resting.
Grinder is nearby!
Things that are here:
a +0 short sword; 3 stones; a kobold corpse Grinder gestures at you.
You suddenly lose the ability to move!
You can move again.
Grinder hits you!
* * * LOW HITPOINT WARNING * * *
You closely miss Grinder.
Grinder is moderately wounded.
Grinder hits you.
* * * LOW HITPOINT WARNING * * *
You writhe in agony.
* * * LOW HITPOINT WARNING * * *
You hit Grinder but do no damage. You headbutt Grinder.
Grinder is moderately wounded.
Grinder barely misses you. You furiously retaliate!
You headbutt Grinder! You hit Grinder but do no damage.
Grinder is severely wounded.
Grinder gestures at you.
You suddenly lose the ability to move!
Grinder hits you!
You die...

# ..# ### ..# #.#
## ... #. #.# #.
#.# #. #.####.###
.#
#.....@5.###.#.##
#..###...)..†...#
...
..#.#######..# #.
#.#......... .#
..#
#..#.#.#######.
..#.##..#.#.#
...........#
#.##.##.#.#
#.......#.######


You could see Grinder (strong).

Vanquished Creatures
  Sigmund (D:2)
  Terence (D:3)
  An orc wizard (D:3)
  Natasha (thrice) (D:2)
  Robin (D:2)
  4 adders
  A worm (D:2)
  2 dart slugs
  2 orcs (D:3)
  4 endoplasms (D:2)
  6 giant cockroaches
  10 goblins
  5 hobgoblins
  12 jackals
  2 quokkas (D:2)
  8 ball pythons
  8 bats
  3 frilled lizards
  8 kobolds
  7 rats
89 creatures vanquished.

Notes
Turn   | Place    | Note
-------+----------+-------------------------------------------
     0 | D:1      | mandoloar the Minotaur Fighter began the quest for the Orb.
     0 | D:1      | Reached XP level 1. HP: 19/19 MP: 0/0
   249 | D:1      | Reached XP level 2. HP: 25/27 MP: 1/1
   650 | D:1      | Reached XP level 3. HP: 34/34 MP: 2/2
  1118 | D:2      | Noticed Natasha
  1126 | D:2      | Killed Natasha
  1234 | D:2      | Noticed Sigmund
  1242 | D:2      | Killed Sigmund
  1243 | D:2      | Reached skill level 5 in Axes
  1243 | D:2      | Reached XP level 4. HP: 38/44 MP: 3/3
  1243 | D:2      | Reached XP level 5. HP: 43/50 MP: 4/4
  1335 | D:2      | Noticed Natasha
  1349 | D:2      | Killed Natasha
  1426 | D:2      | Noticed Natasha
  1447 | D:2      | Killed Natasha
  1448 | D:2      | Reached XP level 6. HP: 58/58 MP: 5/5
  1479 | D:2      | Noticed Robin
  1501 | D:2      | Killed Robin
  2550 | D:3      | Noticed Grinder
  2672 | D:3      | Noticed Terence
  2683 | D:3      | Killed Terence
  2771 | D:3      | Found a burning altar of Makhleb.
  3200 | D:3      | Paralysed by Grinder for 4 turns
  3213 | D:3      | Paralysed by Grinder for 4 turns
  3220 | D:3      | Paralysed by Grinder for 4 turns
  3221 | D:3      | Slain by Grinder

Illustrated notes

Levels and vault maps discovered:
D:1:      dpeg_arrival_prison, layout_basic, hangedman_abyss_or_decor_stabs
D:2:      layout_loops_cross, serial_aquarium, aquarium_bridge_long_separate
          [aquarium_subvault_bridge, aquarium_subvault_bridge,
          aquarium_subvault_window, aquarium_subvault_bridge,
          aquarium_subvault_wall, aquarium_subvault_bridge],
          aquarium_bridge_square [aquarium_subvault_window,
          aquarium_subvault_wall, aquarium_subvault_balcony,
          aquarium_subvault_bridge], aquarium_window_fake, aquarium_window_fake,
          aquarium_window_fake, aquarium_view_2a, serial_bayou_lake_a,
          uniq_robin, uniq_natasha, uniq_sigmund
D:3:      layout_loops_ring, mainiacjoe_overflow_cross_hatched, uniq_terence,
          uniq_grinder
D:4:      layout_basic, minmay_temple_entry_butterflies, gup_sewer_entry_pipe,
          nicolae_specific_store, minmay_rat_hole, uniq_eustachio,
          uniq_menkaure, uniq_ijyb

Skill      XL: |  1  2  3  4  5  6 |
---------------+-------------------+-----
Fighting       | 4 6 |  6.9
Axes           | 3 5 6 |  6.3
Armour         | |  3.6
Shields        | |  3.6

Action                     |  1- 3 |  4- 6 || total
---------------------------+-------+-------++-------
  Melee: War axe           |    77 |   116 ||   193
         Headbutt          |     9 |     8 ||    17
  Throw: Stone             |     1 |     4 ||     5
    Use: Scroll            |       |     5 ||     5
 Armour: Scale mail        |    37 |    59 ||    96
  Dodge: Dodged            |    38 |    47 ||    85
  Block: Buckler           |    26 |    18 ||    44

Table legend: (Time is in decaauts)
 A = Elapsed time spent in this place.
 B = Non-inter-level travel time spent in this place.
 C = Inter-level travel time spent in this place.
 D = Time resting spent in this place.
 E = Time spent auto-exploring this place.
 F = Levels seen in this place.
 G = Mean time per level.
                   A        B        C        D        E       F      G
               +--------+--------+--------+--------+--------+-----+--------+
         Total |   3312 |   3139 |    173 |    751 |   1661 |   4 |  828.0 |
       Dungeon |   3312 |   3139 |    173 |    751 |   1661 |   4 |  828.0 |
               +--------+--------+--------+--------+--------+-----+--------+

Top non-repeatable levels by time:
     D:2: 1494 daAuts
     D:1: 1114 daAuts
     D:3: 700 daAuts
     D:4: 3 daAuts
